cohdb
Replays
Latest Replays
All Replays
Popular Replays
Top Player Replays
Match Explorer
How It Works
Community
CoH3 Stats
Reddit
Sign in to upload your games and track your stats! →
Sign in with Steam
Match 41071391
Unlisted
Match 41071391
Overview
Messages
Build Orders
End
Kradschützen Motorcycle Team
Panzerpioneer Squad
250 Light Carrier
Panzergrenadier Squad
Construct Light Support Kompanie
Combat Half-tracks
MG34 Team
Fire Support Elements
Panzerjäger Mechanized Group
Flakvierling Half-track
2.5-tonne Medical Truck
Vehicle Survival Package
Tungsten Core Ammunition
Pak 38 Anti-tank Gun Team
Selects Panzerjäger Kommand Battlegroup
Selects Tank Busters
Construct Panzerarmee Kommand
Assault Mechanized Group
Armored Reserves
Rapid Advance
Emergency Repair Kits
Selects Crew Shock Tactics
Selects Mine Fields
Selects Defensive Positions
Panzerpioneer Squad
MG34 Team
Akkerman
Wolfe
0
0
Comments
sign in to comment!
No comments posted yet!